 Dungeon Crawl Stone Soup version 0.26.1-11-gd32895ea62 (webtiles) character file.

Game seed: 7885458622444387709

26135 raph the Grappler (level 12, -2/122 HPs)
             Began as a Troll Berserker on May 16, 2021.
             Was a High Priest of Trog.
             Slain by a red draconian
             ... wielding a +0 halberd of flaming
              (22 damage)
             ... in a volcano.
             The game lasted 00:22:02 (13276 turns).

raph the Grappler (Troll Berserker)                Turns: 13276, Time: 00:22:03

Health: -2/122     AC: 14    Str: 31    XL:     12   Next: 95%
Magic:  11/11      EV: 15    Int:  3    God:    Trog [*****.]
Gold:   1002       SH:  0    Dex: 17    Spells: 11/11 levels left

rFire    . . .     SeeInvis .     - Unarmed
rCold    . . .     Faith    .   (no shield)
rNeg     . . .     Spirit   .   a - +1 animal skin
rPois    .         Reflect  .   (helmet restricted)
rElec    .         Harm     .   n - +2 cloak
rCorr    .         Rampage  .   (gloves unavailable)
Will     ++...                  (boots unavailable)
Stlth    ++........             (no amulet)
HPRegen  1.70/turn              h - +4 ring of slaying
MPRegen  0.12/turn              z - ring of Zebanopi {AC+4 Str+3 Dex+4}

@: berserk cooldown, regenerating, slowed, very slow
A: large, unfitting armour, claws 3, regeneration 1, shaggy fur 1, tough skin 3
a: Renounce Religion, Berserk, Trog's Hand, Brothers in Arms


You were in a volcano.
You worshipped Trog.
Trog was extremely pleased with you.
You visited 2 branches of the dungeon, and saw 13 of its levels.
You also visited: Volcano.

You collected 1002 gold pieces.

Inventory:

Hand Weapons
 r - a +0 giant spiked club of freezing
Missiles
 b - 551 stones
 e - 31 poisoned darts (quivered)
 p - 3 silver javelins
 v - 2 throwing nets
 E - 3 large rocks
Armour
 a - a +1 animal skin (worn)
 n - a +2 cloak (worn)
Jewellery
 h - a +4 ring of slaying (left claw)
 j - an uncursed ring of stealth
 y - an uncursed ring of willpower
 z - the ring of Zebanopi (right claw) {AC+4 Str+3 Dex+4}
   (You acquired it on level 7 of the Dungeon)

   [ring of protection]

   It affects your AC (+4).
   It affects your strength (+3).
   It affects your dexterity (+4).
 C - an uncursed ring of poison resistance
 F - an uncursed ring of positive energy
Wands
 d - a wand of digging (1)
 q - a wand of flame (35)
 s - a wand of iceblast (22)
 x - a wand of enslavement (7)
 B - a wand of acid (7)
 M - a wand of disintegration (17)
Scrolls
 c - 7 scrolls of remove curse
 f - 4 scrolls of magic mapping
 m - 9 scrolls of teleportation
 A - a scroll of identify
 D - 2 scrolls of fog
 G - 3 scrolls of enchant weapon
 I - 2 scrolls of holy word
 K - a scroll of enchant armour
Potions
 g - 2 potions of ambrosia
 k - 4 potions of lignification
 l - 2 potions of berserk rage
 o - 3 potions of heal wounds
 u - 4 potions of attraction
 w - 8 potions of curing
 H - a potion of resistance
 L - a potion of cancellation


   Skills:
 * Level 8.9 Fighting
 + Level 3.3 Throwing
 + Level 8.2 Dodging
 - Level 1.9 Stealth
 * Level 14.3 Unarmed Combat
 + Level 6.0 Evocations


You had 11 spell levels left.
You didn't know any spells.
Your spell library was empty.

Dungeon Overview and Level Annotations

Branches:
Dungeon (8/15)             Temple (0/1) D:4            Lair (5/6) D:8
 Shoals (0/4) Lair:2       Spider (0/4) Lair:2        Slime (0/5) Lair:5
Volcano (1/1)

Altars:
Ashenzari
Cheibriados
Dithmenos
Elyvilon
Fedhas
Gozag
Hepliaklqana
Nemelex Xobeh
Trog
Uskayaw
Wu Jian
Zin

Annotations:
Lair:2 3 runed translucent doors, Jaiteiro's ghost, journeyman MiFi
Lair:3 3 runed translucent doors, exclusion: oklob plant, Sadonosm's ghost, journeyman DgSk


Innate Abilities, Weirdness & Mutations

You are too large for most types of armour.
You have claws for hands.
Your natural rate of healing is unusually fast.
You are covered in fur. (AC +1)
You have extremely tough skin. (AC +3)


Message History

You hear a shout!
The two-headed ogre barely misses you. x2
The red draconian hits you with a +0 halberd of flaming!!
The red draconian burns you.
You are too injured to fight recklessly!
You are too injured to fight recklessly!
You are too injured to fight recklessly!
You are too injured to fight recklessly!
You are too injured to fight recklessly!
You are too injured to fight recklessly!
The two-headed ogre hits you with a +0 giant club of flaming.
The two-headed ogre burns you. The two-headed ogre misses you.
The red draconian breathes fire at you. The searing blast hits you!!
* * * LOW HITPOINT WARNING * * *
An ogre mage comes into view.
It is wielding a +0 whip of flaming and wearing a +1 robe of fire resistance.
Your skin crawls.
You feel strong-willed.
The red draconian hits you from afar with a +0 halberd of flaming!!
You die...

### ...# ...##
#....# #### ##..O.
###..#### ##)d#
.....§..## ##@.#
≈≈≈≈.....###
##○O##
≈≈≈≈§.....8###..##
§§§≈§≈§......))∩#
§≈§§≈≈§...8###..#
≈≈≈§§≈≈...## ##..#
≈§≈§§§§.§.# ##..#
≈≈≈≈§≈§§§.. #..#
≈§≈§§≈§§§... #.O.


You could see a red draconian (catching breath), a two-headed ogre and an ogre
mage.

Vanquished Creatures
  A boulder beetle (Lair:2)
  A hydra (Lair:4)
  3 two-headed ogres (Volcano)
  Pikel (D:5)
  An ugly thing (D:8)
  A merfolk siren (Lair:2)
  9 elephants
  Joseph (D:8)
  3 black mambas
  5 cane toads
  A torpor snail (Lair:2)
  A rime drake (Lair:5)
  6 komodo dragons
  2 merfolk (Lair:2)
  A hornet (D:8)
  3 polar bears
  Prince Ribbit (D:7)
  2 blink frogs (Lair:4)
  A slime creature (D:7)
  5 dream sheep (Lair:4)
  2 wyverns
  15 yaks
  7 fire bats (Volcano)
  3 basilisks
  A steam dragon (D:7)
  11 water moccasins
  Edmund (D:4)
  An orc warrior (D:8)
  A phantom (D:7)
  An ice beast (D:8)
  8 ogres
  2 black bears
  16 wolves
  A centaur (D:5)
  3 big kobolds
  8 bullfrogs
  2 scorpions
  2 howler monkeys
  6 lava snakes (Volcano)
  4 jellies (D:7)
  A quasit (D:7)
  2 bullfrog skeletons
  2 hounds
  2 orc priests
  5 orc wizards
  A centaur skeleton (D:4)
  3 iguanas
  Ijyb (D:4)
  11 worker ants
  A hound zombie (D:6)
  A hound skeleton (D:5)
  9 gnolls
  6 adders
  2 white imps (D:8)
  2 ufetubi
  6 oozes (D:7)
  An adder skeleton (D:5)
  2 worms
  A dart slug (D:3)
  6 leopard geckos
  24 orcs
  3 ball pythons
  15 bats
  6 giant cockroaches
  5 goblins
  7 hobgoblins
  8 jackals (D:7)
  4 quokkas
  8 frilled lizards
  A jackal zombie (D:8)
  19 kobolds
  A leopard gecko skeleton (D:5)
  8 rats
318 creatures vanquished.

Vanquished Creatures (collateral kills)
  A hydra (Lair:3)
  An elephant (Lair:3)
  A merfolk siren (Lair:2)
  A cane toad (Lair:3)
  3 yaks (Lair:3)
7 creatures vanquished.

Vanquished Creatures (others)
  A blink frog (Lair:5)
  11 fungi
  9 plants
  8 toadstools (D:7)
29 creatures vanquished.

Grand Total: 354 creatures vanquished

Notes
Turn   | Place    | Note
-------+----------+-------------------------------------------
     0 | D:1      | raph the Troll Berserker began the quest for the Orb.
     0 | D:1      | Reached XP level 1. HP: 22/22 MP: 0/0
   164 | D:1      | Reached XP level 2. HP: 28/29 MP: 1/1
   456 | D:1      | Reached skill level 4 in Unarmed Combat
   877 | D:2      | Reached XP level 3. HP: 36/36 MP: 2/2
   897 | D:2      | Reached ** piety under Trog
  1145 | D:2      | You fall into a shaft and drop 2 floors!
  1245 | D:4      | Reached skill level 5 in Unarmed Combat
  1245 | D:4      | Reached XP level 4. HP: 44/44 MP: 3/3
  1439 | D:3      | Found a snail-covered altar of Cheibriados.
  1439 | D:3      | Found a shadowy altar of Dithmenos.
  1720 | D:2      | Found an opulent altar of Gozag.
  1872 | D:2      | Reached XP level 5. HP: 49/50 MP: 4/4
  1916 | D:2      | Found a hide-covered altar of Uskayaw.
  1976 | D:2      | Reached skill level 6 in Unarmed Combat
  2140 | D:2      | Found a glowing silver altar of Zin.
  2259 | D:3      | Found a broken altar of Ashenzari.
  2333 | D:3      | Reached *** piety under Trog
  2580 | D:3      | Reached XP level 6. HP: 20/59 MP: 5/5
  3098 | D:3      | Found a blossoming altar of Fedhas.
  3099 | D:3      | Found a white marble altar of Elyvilon.
  3102 | D:3      | Found an ornate altar of the Wu Jian Council.
  3270 | D:3      | Found a hazy altar of Hepliaklqana.
  3274 | D:3      | Reached skill level 7 in Unarmed Combat
  3626 | D:4      | Noticed Edmund
  3637 | D:4      | Killed Edmund
  3824 | D:4      | Reached skill level 8 in Unarmed Combat
  3824 | D:4      | Reached XP level 7. HP: 66/66 MP: 6/6
  3876 | D:4      | Found a staircase to the Ecumenical Temple.
  3893 | D:4      | Noticed Ijyb
  3901 | D:4      | Killed Ijyb
  4194 | D:5      | Entered Level 5 of the Dungeon
  4485 | D:5      | Noticed Pikel
  4488 | D:5      | Reached skill level 9 in Unarmed Combat
  4496 | D:5      | Killed Pikel
  4497 | D:5      | Reached XP level 8. HP: 78/78 MP: 7/7
  5178 | D:6      | Found a broken altar of Ashenzari.
  5183 | D:6      | Found a sparkling altar of Nemelex Xobeh.
  5210 | D:6      | Reached **** piety under Trog
  5714 | D:7      | Reached skill level 10 in Unarmed Combat
  5714 | D:7      | Reached XP level 9. HP: 85/85 MP: 8/8
  5880 | D:7      | Reached skill level 1 in Evocations
  5966 | D:7      | Reached skill level 5 in Dodging
  5966 | D:7      | Reached skill level 1 in Stealth
  5967 | D:7      | Reached skill level 5 in Fighting
  6067 | D:7      | Noticed Prince Ribbit
  6082 | D:7      | Killed Prince Ribbit
  6255 | D:7      | Reached ***** piety under Trog
  6290 | D:7      | Identified a scroll of acquirement
  6290 | D:7      | Acquired the ring of Zebanopi {AC+4 Str+3 Dex+4}
  6448 | D:7      | Found a bloodstained altar of Trog.
  6451 | D:7      | Found a broken altar of Ashenzari.
  6623 | D:8      | Noticed Joseph
  6631 | D:8      | Killed Joseph
  6632 | D:8      | Reached skill level 11 in Unarmed Combat
  6632 | D:8      | Reached XP level 10. HP: 96/96 MP: 9/9
  6817 | D:8      | Noticed a purple ugly thing
  6822 | D:8      | Killed a purple ugly thing
  7400 | D:8      | Found a staircase to the Lair.
  7888 | Lair:1   | Entered Level 1 of the Lair of Beasts
  8508 | Lair:1   | Noticed a cane toad
  8513 | Lair:1   | Killed a cane toad
  8514 | Lair:1   | Reached skill level 12 in Unarmed Combat
  8933 | Lair:2   | Reached XP level 11. HP: 100/107 MP: 10/10
  8959 | Lair:2   | Found a hole to the Spider Nest.
  8970 | Lair:2   | Found a staircase to the Shoals.
  9264 | Lair:2   | Found a runed translucent gate.
  9264 | Lair:2   | Found a runed translucent gate.
  9264 | Lair:2   | Found a runed translucent gate.
  9265 | Lair:2   | Noticed Jaiteiro's ghost (journeyman MiFi)
 10302 | Lair:3   | Noticed a boulder beetle
 10317 | Lair:2   | Killed a boulder beetle
 10318 | Lair:2   | Reached skill level 13 in Unarmed Combat
 10353 | Lair:3   | Noticed an eight-headed hydra
 10363 | Lair:3   | Found a runed translucent gate.
 10365 | Lair:3   | Found a runed translucent gate.
 10365 | Lair:3   | Found a runed translucent gate.
 10366 | Lair:3   | Noticed a 13-headed hydra
 10368 | Lair:3   | Killed an eight-headed hydra
 10372 | Lair:3   | Reached skill level 5 in Evocations
 10378 | Lair:3   | Noticed Sadonosm's ghost (journeyman DgSk)
 10765 | Lair:3   | Reached XP level 12. HP: 118/118 MP: 11/11
 11449 | Lair:4   | Reached skill level 1 in Throwing
 11764 | Lair:4   | Noticed a four-headed hydra
 11775 | Lair:4   | Killed a four-headed hydra
 12582 | Lair:4   | Reached skill level 14 in Unarmed Combat
 13065 | Lair:5   | Found a dark tunnel.
 13077 | Volcano  | Entered a volcano
 13252 | Volcano  | Noticed a two-headed ogre
 13252 | Volcano  | Noticed a two-headed ogre
 13258 | Volcano  | Killed a two-headed ogre
 13259 | Volcano  | Noticed a two-headed ogre
 13259 | Volcano  | Noticed a two-headed ogre
 13260 | Volcano  | Noticed a red draconian
 13261 | Volcano  | Killed a two-headed ogre
 13267 | Volcano  | Killed a two-headed ogre
 13275 | Volcano  | Noticed an ogre mage
 13276 | Volcano  | Slain by a red draconian

Illustrated notes

Levels and vault maps discovered:
D:1:      lightli_arrival_lavapool, layout_basic, minmay_lizard_pond
D:2:      layout_basic, pdpol_temple_overflow_zin_treasury_gozag_greed,
          lemuel_doored_altar
D:3:      layout_basic, lemuel_round_altar, grunt_temple_overflow_open,
          nicolae_ashenzari_panopticon
D:4:      minmay_general_purpose_star, layout_loops_cross,
          minmay_temple_entry_butterflies, uniq_ijyb, uniq_edmund
D:5:      layout_basic, minmay_misc_feat_x, uniq_pikel
D:6:      layout_cave_pools, nemelex_xobeh_ov_fountains_minmay, serial_park,
          basic_altar
D:7:      cheibrodos_fertilizer, layout_basic,
          chequers_temple_overflow_statue_of_worship, uniq_prince_ribbit1
D:8:      layout_loops_corners, grunt_lair_entry_orc_guard_hut, uniq_joseph
Lair:1:   layout_layer_cave, infiniplex_staircase_pool
Lair:2:   layout_big_grid, elwin_shoals_entry_stream, dummy_spider_entry,
          gammafunk_ghost_necromancy, minmay_shattered_shrine
Lair:3:   layout_regular_city, gammafunk_ghost_hydra_chop,
          chequers_serial_rivers_large_b
Lair:4:   layout_small_grid, minmay_holes, grunt_megastairs_1
Lair:5:   layout_cave_pods, nicolae_slime_entry_slimehenge,
          nicolae_volcano_entry_hallway, lemuel_fruit_tree, grunt_megastairs_5,
          uniq_sonja, uniq_nessos
Volcano:  volcano_grotto [vgs_dualism]

Skill      XL: |  1  2  3  4  5  6  7  8  9 10 11 12 |
---------------+-------------------------------------+-----
Unarmed Combat | 4 5 6 8 9 10 11 12 13 14 | 14.3
Fighting       | 4 5 6 7 8 |  8.9
Dodging        | 4 5 6 7 8 |  8.2
Evocations     | 2 3 5 6 |  6.0
Stealth        | 1 |  1.9
Throwing       | 3 |  3.3

Action                   |  1- 3 |  4- 6 |  7- 9 | 10-12 || total
-------------------------+-------+-------+-------+-------++-------
Melee: Unarmed           |    85 |   115 |   174 |   372 ||   746
       Punch             |     1 |     5 |     5 |    34 ||    45
       Giant spiked club |       |       |       |     7 ||     7
Throw: Dart              |       |       |     4 |     7 ||    11
Invok: Berserk           |     3 |     6 |    11 |    14 ||    34
       Trog's Hand       |       |       |       |     5 ||     5
       Brothers in Arms  |       |       |       |     3 ||     3
Evoke: Wand              |       |       |       |     8 ||     8
  Use: Scroll            |       |    11 |     5 |    11 ||    27
 Stab: Sleeping          |       |     1 |     9 |     2 ||    12
       Distracted        |       |       |     2 |     2 ||     4
Armor: Animal skin       |    52 |    40 |    47 |   109 ||   248
Dodge: Dodged            |    60 |    47 |    80 |   235 ||   422
